 Dungeon Sprint DCSS version 0.17-a0-1-g1f4be75 (webtiles) character file.

4814 Medar the Brawler (level 10, -16/100 (105) HPs)
             Began as a Troll Monk on Mar 12, 2015.
             Was the Champion of Makhleb.
             Demolished by Erolcha
             ... wielding a +0 giant club
              (27 damage)
             ... while paralysed by Erolcha
             ... in the Dungeon (Sprint III: "The Ten Rune Challenge").
             The game lasted 00:07:01 (916 turns).

Medar the Brawler (Troll Monk)                       Turns: 916, Time: 00:07:01

HP:   -16/100 (105) AC:  5    Str: 21    XL:     10   Next: 24%
MP:   16/16         EV:  1    Int:  8    God:    Makhleb [******]
Gold: 3615          SH:  0    Dex: 15    Spells: 0 memorised, 9 levels left

rFire  . . .     SeeInvis .       - Unarmed
rCold  . . .     Clarity  .     a - +0 robe
rNeg   . . .     SustAb   .     (shield restricted)
rPois  .         Gourm    +     (helmet restricted)
rElec  .         Spirit   .     (no cloak)
rCorr  .         Warding  .     (gloves unavailable)
rMut   .         NoTele   +     (boots unavailable)
MR     .....                    (no amulet)
Stlth  ++........               (no ring)
                                (no ring)

@: paralysed, not resistant to hostile enchantments, unstealthy
A: unfitting armour, claws 3, breathe flames 1, clever 1, fast metabolism 3,
gourmand, low mp 1, regeneration 2, shaggy fur 1, tough skin 2
a: Minor Destruction, Lesser Servant of Makhleb, Major Destruction, Greater
Servant of Makhleb, Renounce Religion, Breathe Fire


You were in the Dungeon.
You worshipped Makhleb.
Makhleb was exalted by your worship.
You were very full.

You visited 1 branch You collected 3615 gold pieces.

Inventory:

Armour
 a - a +0 robe (worn)
Magical devices
 k - a wand of digging (8)
Scrolls
 h - 2 scrolls of blinking
 j - a scroll of torment {!r}
 l - a scroll of remove curse {@r1}
Potions
 c - a potion of curing {@q1}
 f - 2 potions of magic
 n - 5 potions of cure mutation {!q}
 o - a potion of cancellation
 s - 2 potions of flight
Books
 g - a book of Cantrips

   Spells                             Type                      Level
   a - Corona                         Hexes                        1
   b - Animate Skeleton               Necromancy                   1
   c - Summon Small Mammal            Summoning                    1
   d - Apportation                    Translocation                1
 i - a book of Envenomations

   Spells                             Type                      Level
   a - Spider Form                    Transmutation/Poison         3
   b - Alistair's Intoxication        Transmutation/Poison         4
   c - Olgreb's Toxic Radiance        Poison                       4
   d - Poisonous Cloud                Conjuration/Poison/Air       6
Comestibles
 b - 2 meat rations
 d - 2 chunks of flesh
 m - 2 royal jellies


   Skills:
 - Level 8.3 Fighting
 - Level 8.3 Dodging
 - Level 1.1 Stealth
 - Level 17.5 Unarmed Combat
 + Level 8.8 Invocations


You had 9 spell levels left.
You didn't know any spells.

Dungeon Overview and Level Annotations

Branches:
Dungeon (1/1)

Altars:
Cheibriados
Dithmenos
Elyvilon
Fedhas
Gozag
Kikubaaqudgha
Makhleb
Nemelex Xobeh
Okawaru
Qazlal
Ru
Sif Muna
Trog
Vehumet
Xom
Yredelemnul
Zin
The Shining One
Beogh
Jiyva
Lugonu

Shops:
D :

Annotations:
D Erolcha


Innate Abilities, Weirdness & Mutations

You are too large for most types of armour.
You have claws for hands.
Your metabolism is lightning-fast.
You like to eat raw meat.
You heal very quickly.
You are covered in fur (AC +1).
You have very tough skin (AC +2).
You can breathe flames.
Your mind is acute. (Int +2)
Your magical capacity is low (-10% MP).


Message History

You claw Erolcha, but do no damage.
Erolcha is lightly wounded.
Erolcha mumbles some strange words.
Erolcha seems to speed up.
You mangle Erolcha!!
Erolcha is heavily wounded.
Erolcha roars.
Erolcha gestures at you while chanting.
You suddenly lose the ability to move!
Erolcha drinks a potion.
Erolcha seems to grow stronger.
Erolcha hits you with a giant club!! Erolcha casts a spell at you.
The bolt of lightning hits you! Erolcha hits you with a giant club! x2
* * * LOW HITPOINT WARNING * * *
Erolcha casts a spell at you.
You shrug off the repeated paralysis!
Erolcha hits you with a giant club!
* * * LOW HITPOINT WARNING * * *
Erolcha hits you with a giant club!!
You die...

__###_.##.∩..))#...#*,e,,+,,,,,,*
._#.........##.#...##≈≈≈≈**,,**,*
÷##..))...).##.#...≈≈≈.,,,,,,,*,*
).#..)....).##.#...##≈≈≈≈**,,**,*
..#)#.#.##.###.+...#*,,,,+,,,,,,*
#'#.###.#.##,#######*************
..#(##############***************
..#)).)#.#.#.....#,,,,,,+,,,≈≈*,*
..##.#..#.##.###@#,,,,,,*,,,≈≈***
..'##)#.#.##)#.O##,,,,,,*,,,≈≈≈≈*
..#..)#..#..##.C+,,,,,,,*,,,≈≈≈≈*
▓▓▓▓▓▓▓▓▓▓▓▓▓▓▓▓*,,,,,,,*,,,,,,,*
≈≈,,,,,,,,≈≈≈,,,*,,,,,,,*,,,,,,,*
≈≈≈≈≈≈≈≈≈≈≈≈**,,+,,,,,,,*,,,,,,,*
**************,,*,,,,,,,*********
*****+**************
*****************,,,+,≈≈≈≈**,,≈≈≈


You could see a hill giant and Erolcha (bleeding).

Vanquished Creatures
  An orc high priest (D)
  2 deep elf knights (D)
  2 deep elf conjurers (D)
  An orc sorcerer (D)
  2 deep elf priests (D)
  A shadow (D)
  A hill giant (D)
  A necrophage (D)
  2 orc warriors (D)
  3 two-headed ogres (D)
  A water elemental (D)
  A scorpion (D)
  A jelly (D)
  2 orc priests (D)
  A wizard (D)
  2 orc wizards (D)
  A necromancer (D)
  3 humans (D)
  A kobold demonologist (D)
  A giant mite (D)
  2 orc zombies (D)
  2 oozes (D)
  10 orcs (D)
  A rat (D)
45 creatures vanquished.

Vanquished Creatures (others)
  2 draconian scorchers (D)
  2 plants (D)
4 creatures vanquished.

Grand Total: 49 creatures vanquished

Notes
Turn   | Place    | Note
--------------------------------------------------------------
     0 | D        | Medar, the Troll Monk, began the quest for the Orb.
     0 | D        | Reached XP level 1. HP: 22/22 MP: 1/1
    12 | D        | Reached skill level 5 in Unarmed Combat
    22 | D        | Reached skill level 6 in Unarmed Combat
    22 | D        | Reached XP level 2. HP: 27/29 MP: 1/1
    55 | D        | Reached skill level 7 in Unarmed Combat
    55 | D        | Reached XP level 3. HP: 36/36 MP: 2/2
    62 | D        | Noticed a scorpion
    75 | D        | Killed a scorpion
    75 | D        | Reached skill level 9 in Unarmed Combat
    75 | D        | Reached XP level 4. HP: 35/44 MP: 2/2
   166 | D        | Noticed a water elemental
   175 | D        | Killed a water elemental
   175 | D        | Reached skill level 10 in Unarmed Combat
   175 | D        | Reached XP level 5. HP: 39/50 MP: 2/2
   214 | D        | Gained mutation: Your mind is acute. (Int +2) [potion of mutation]
   214 | D        | Gained mutation: Your magical capacity is low (-10% MP). [potion of mutation]
   214 | D        | Gained mutation: You can breathe flames. [potion of mutation]
   215 | D        | Found a radiant altar of Vehumet.
   217 | D        | Found a deep blue altar of Sif Muna.
   217 | D        | Found an ancient bone altar of Kikubaaqudgha.
   217 | D        | Noticed a wizard
   218 | D        | Noticed a rust devil
   218 | D        | Reached skill level 11 in Unarmed Combat
   219 | D        | Killed a wizard
   255 | D        | Found a glowing silver altar of Zin.
   256 | D        | Found a glowing golden altar of the Shining One.
   256 | D        | Found a white marble altar of Elyvilon.
   256 | D        | Noticed a deep elf priest
   260 | D        | Killed a deep elf priest
   260 | D        | Reached skill level 14 in Unarmed Combat
   260 | D        | Reached XP level 6. HP: 47/59 MP: 2/2
   280 | D        | Found an iron altar of Okawaru.
   280 | D        | Found a bloodstained altar of Trog.
   280 | D        | Noticed a human
   280 | D        | Noticed a human
   288 | D        | Killed a human
   288 | D        | Reached XP level 7. HP: 60/66 MP: 2/2
   290 | D        | Killed a human
   290 | D        | Reached skill level 15 in Unarmed Combat
   301 | D        | Found a basalt altar of Yredelemnul.
   301 | D        | Found a snail-covered altar of Cheibriados.
   301 | D        | Found a blossoming altar of Fedhas.
   301 | D        | Noticed a necrophage
   301 | D        | Noticed a necromancer
   303 | D        | Killed a necromancer
   305 | D        | Killed a necrophage
   321 | D        | Noticed a jelly
   322 | D        | Noticed a shadow
   324 | D        | Killed a jelly
   325 | D        | Killed a shadow
   325 | D        | Reached skill level 16 in Unarmed Combat
   342 | D        | Found a stormy altar of Qazlal.
   343 | D        | Found a sacrificial altar of Ru.
   343 | D        | Found a burning altar of Makhleb.
   343 | D        | Found a viscous altar of Jiyva.
   343 | D        | Found a shimmering altar of Xom.
   343 | D        | Found a shadowy altar of Dithmenos.
   343 | D        | Found a sparkling altar of Nemelex Xobeh.
   343 | D        | Found a corrupted altar of Lugonu.
   343 | D        | Found an opulent altar of Gozag.
   343 | D        | Noticed a spatial vortex
   347 | D        | Became a worshipper of Makhleb the Destroyer
   347 | D        | Acquired Makhleb's first power
   347 | D        | Acquired Makhleb's second power
   356 | D        | Noticed a two-headed ogre
   356 | D        | Noticed a two-headed ogre
   359 | D        | Noticed a two-headed ogre
   360 | D        | Killed a two-headed ogre
   360 | D        | Reached XP level 8. HP: 78/78 MP: 2/2
   363 | D        | Killed a two-headed ogre
   367 | D        | Killed a two-headed ogre
   409 | D        | Killed a white draconian scorcher
   454 | D        | Noticed a hill giant
   461 | D        | Killed a hill giant
   461 | D        | Acquired Makhleb's third power
   461 | D        | Reached skill level 5 in Fighting
   461 | D        | Reached skill level 5 in Dodging
   513 | D        | Noticed a hill giant
   513 | D        | Noticed Erolcha
   529 | D        | Found a roughly hewn altar of Beogh.
   530 | D        | Noticed an orc wizard
   531 | D        | Noticed an orc priest
   532 | D        | Noticed an orc sorcerer
   532 | D        | Noticed an orc wizard
   532 | D        | Noticed an orc warrior
   538 | D        | Killed an orc warrior
   541 | D        | Noticed an orc priest
   542 | D        | Killed an orc wizard
   543 | D        | Killed an orc wizard
   543 | D        | Acquired Makhleb's fourth power
   550 | D        | Killed an orc priest
   554 | D        | Noticed an orc high priest
   554 | D        | Paralysed by an orc sorcerer for 5 turns
   560 | D        | Killed an orc sorcerer
   566 | D        | Killed an orc priest
   568 | D        | Acquired Makhleb's fifth power
   569 | D        | Noticed an orange demon
   584 | D        | Killed an orc high priest
   584 | D        | Reached skill level 17 in Unarmed Combat
   584 | D        | Reached XP level 9. HP: 31/93 MP: 3/3
   600 | D        | Noticed an orc warrior
   661 | D        | Killed a white draconian scorcher
   692 | D        | Killed an orc warrior
   695 | D        | Found Gatasmux's Book Shop.
   729 | D        | Noticed a deep elf knight
   729 | D        | Noticed a deep elf knight
   729 | D        | Noticed a deep elf priest
   729 | D        | Noticed a deep elf conjurer
   729 | D        | Noticed a deep elf conjurer
   747 | D        | Killed a deep elf conjurer
   751 | D        | Killed a deep elf priest
   766 | D        | Killed a deep elf knight
   766 | D        | Reached skill level 5 in Invocations
   769 | D        | Killed a deep elf knight
   769 | D        | Reached XP level 10. HP: 38/100 MP: 3/15
   773 | D        | Killed a deep elf conjurer
   875 | D        | Noticed a deep elf demonologist
   910 | D        | Paralysed by Erolcha for 7 turns
   916 | D        | Demolished by Erolcha

Action                   |  1- 3 |  4- 6 |  7- 9 | 10-12 || total
-------------------------+-------+-------+-------+-------++-------
Melee: Unarmed           |    25 |    18 |   103 |     5 ||   151
  Use: Scroll            |       |     6 |       |       ||     6
       Potion            |       |     2 |     3 |       ||     5
 Stab: Sleeping          |     1 |       |       |       ||     1
  Eat: Chunk             |       |     2 |    10 |     2 ||    14
